Cogmind - Beta 13 @@@ ROGUE MODE // 2024.07.23 @ 09:35:48 Player: Johge Result: Destroyed by G-47 Trooper with Particle Gun Performance ------------- Evolutions (2) 1000 Regions Visited (4) 800 Robots Destroyed (53) 265 Value Destroyed (1392) 1392 Prototype IDs (6) 120 Alien Tech Used (0) 0 Bonus (11) 11 TOTAL SCORE: 3588 Bonus ------- High Alert Combat Kills 11 Cogmind --------- Core Integrity 0/550 Matter 284/300 Energy 100/100 System Corruption 0% Temperature Cool (9) Movement Core (200) Ox3 Location -8/Materials Parts ------- > --- POWER (2) -------- (None) > --- PROPULSION (4) --- (None) > --- UTILITY (3) ------ Medium Storage Unit Improved Signal Interpreter > --- WEAPON (2) ------- (None) > --- INVENTORY (10) --- Light Deuterium Engine Light Nuclear Core High-capacity Matter Pod (200) Improved Targeting Computer Grenade Launcher Datajack Peak State ------------ > --- POWER ------------ Improved Ion Engine Cooled Ion Engine > --- PROPULSION ------- Light Treads Light Treads Armored Treads Armored Treads > --- UTILITY ---------- Heat Sink Medium Storage Unit Improved Signal Interpreter > --- WEAPON ----------- Beam Rifle Heavy Assault Rifle > --- INVENTORY -------- Light Deuterium Engine Light Nuclear Core Light Treads High-capacity Matter Pod Improved Targeting Computer Grenade Launcher Datajack Hammer [Rating: 23] Favorites ----------- Power Improved Ion Engine Engine Improved Ion Engine Power Core Light Nuclear Core Propulsion Light Treads Treads Light Treads Leg Aluminum Leg Utility Small Storage Unit Device Heat Sink Storage Small Storage Unit Processor Signal Interpreter Protection Light Armor Plating Weapon Small Laser Energy Gun Small Laser Energy Cannon Beam Cannon Ballistic Gun Heavy Assault Rifle Launcher Grenade Launcher Impact Weapon Hammer Build | -11 -10 -10 -9 -8 ------- Run | Yrd Mat Min Mat Mat Slots Evolved 4 | . . . 2 2 Power 1 | . . . . 1 Propulsion 2 | . . . 2 . Utility 1 | . . . . 1 Weapon . | . . . . . Parts Attached 50 | 6 2 . 31 11 Power 10 | 1 . . 7 2 Engine 9 | 1 . . 7 1 Core 1 | . . . . 1 Reactor . | . . . . . Propulsion 14 | 2 1 . 7 4 Treads 12 | 2 1 . 5 4 Leg 2 | . . . 2 . Wheel . | . . . . . Hover . | . . . . . Flight . | . . . . . Utility 10 | 1 1 . 5 3 Device 1 | . . . . 1 Storage 2 | 1 . . 1 . Processor 2 | . . . . 2 Hackware . | . . . . . Protection 5 | . 1 . 4 . Artifact . | . . . . . Weapon 16 | 2 . . 12 2 Energy Gun 6 | 1 . . 5 . Energy Cannon 2 | . . . 2 . Ballistic Gun 5 | 1 . . 3 1 Ballistic Cannon . | . . . . . Launcher 2 | . . . 2 . Special Weapon . | . . . . . Impact Weapon 1 | . . . . 1 Slashing Weapon . | . . . . . Piercing Weapon . | . . . . . Special Melee Weapon . | . . . . . Unidentified Prototypes 3 | . . . 2 1 Parts Lost 25 | . . . 15 10 Power 3 | . . . 2 1 Propulsion 12 | . . . 8 4 Utility 4 | . . . 2 2 Weapon 6 | . . . 3 3 Highest Loss Streak 8 | . . . 5 8 To Critical Strikes . | . . . . . Average Slot Usage (%) 80 | . 91 100 70 82 Engine 11 | . 14 14 10 12 Treads 20 | . 26 28 15 26 Leg 2 | . . . 4 . Device 1 | . . . . 5 Storage 11 | . 14 14 11 9 Processor 1 | . . . . 9 Protection 7 | . 7 14 7 1 Energy Gun 10 | . 14 14 6 13 Ballistic Gun 9 | . 14 14 10 1 Launcher 1 | . . . 2 . Naked Turns . | . . . . . Heaviest Build 32 | 13 16 16 25 32 Greatest Support 80 | 40 40 40 60 80 Greatest Overweight (x) 6 | . . . 6 3 Average Overweight (x) . | . . . 1 . Largest Inventory Capacity 10 | 8 8 8 10 10 Average Capacity 8 | 7 8 8 8 10 Most Carried 10 | 5 5 6 8 10 Average Carried 6 | 1 2 5 7 7 Final Capacity 10 | 8 8 8 10 10 Final Carried 8 | 1 5 6 8 6 Class Distribution -------------------- 55% | Mutant 44% | Scavenger-Mutant Dominant Class ---------------- Mutant | -10/Materials Mutant | -10/Mines Mutant | -9/Materials Scavenger-Mutant | -8/Materials Resources | -11 -10 -10 -9 -8 ----------- Run | Yrd Mat Min Mat Mat Matter Collected 1363 | 253 28 176 670 236 Remotely . | . . . . . Salvage Created 1638 | . 37 196 983 422 Parts 112 | . 3 15 63 31 Haulers Intercepted 3 | . . . 3 . Recyclers Shooed 1 | . . . 1 . Parts Field Recycled . | . . . . . Retrieved Matter . | . . . . . Parts Self-Destructed . | . . . . . Prevented . | . . . . . Kills | -11 -10 -10 -9 -8 ------- Run | Yrd Mat Min Mat Mat Combat Hostiles Destroyed 44 | . 2 8 24 10 Guns 36 | . 2 8 16 10 AOE 8 | . . . 8 . Classes Destroyed 10 | . 1 1 7 1 Worker 1 | . . . . 1 Tunneler 1 | . . . 1 . Hauler 3 | . . . 3 . Recycler 1 | . . . 1 . Watcher 3 | . . . 2 1 Swarmer 16 | . 2 6 4 4 Grunt 17 | . . 2 11 4 Brawler 2 | . . . 2 . Duelist 1 | . . . 1 . Sentry 8 | . . . 6 2 Best Kill Streak 5 | . 2 3 5 4 Combat Bots Only 5 | . 2 3 5 4 Max Kills in Single Turn 2 | . 1 1 2 1 Gunslinging 1 | . . . 1 . Exploded 1 | . . . 1 . Melee . | . . . . . Uniques/NPCs Destroyed . | . . . . . Combat | -11 -10 -10 -9 -8 -------- Run | Yrd Mat Min Mat Mat Hostile Shots Fired 394 | . 21 42 188 143 Missed 127 | . 8 18 58 43 Damage Taken 4180 | . 113 243 1866 1958 Core 826 | . 25 34 209 558 Absorbed by Shields . | . . . . . Regen/Repaired (Parts) 180 | . 39 . 141 . Core Remaining (%) 74 | 100 . 76 47 . Volleys Fired 192 | . 12 19 89 72 Largest 2 | . 2 2 2 2 Hottest 96 | . 60 60 90 96 Shots Fired 339 | . 23 38 155 123 Gun 314 | . 23 38 130 123 Cannon 14 | . . . 14 . Launcher 11 | . . . 11 . Special . | . . . . . Kinetic 138 | . 12 19 92 15 Thermal 190 | . 11 19 52 108 Explosive 11 | . . . 11 . Electromagnetic . | . . . . . Robot Hit Streak 16 | . 2 7 16 8 Robot Miss Streak 6 | . 4 2 4 6 Penetration Max . | . . . . . Secondary Targets 6 | . . 2 2 2 Max Gunslinging Chain 1 | . . 1 1 1 Shots Hit Robots 224 | . 11 21 109 83 Core Hits 114 | . 3 11 71 29 Critical Kills 2 | . . . 2 . Critical Parts Destroyed . | . . . . . Critical Strikes 4 | . . . 2 2 Burn 2 | . . . . 2 Destroy 2 | . . . 2 . Melee Attacks 8 | . . . . 8 Impact 8 | . . . . 8 Slashing . | . . . . . Piercing . | . . . . . Sneak Attacks . | . . . . . Combat Hostiles . | . . . . . Follow-up Attacks . | . . . . . Damage Inflicted 3792 | . 138 277 2201 1176 Guns 2781 | . 138 277 1305 1061 Cannons 140 | . . . 140 . Explosions 754 | . . . 754 . Melee 115 | . . . . 115 Ramming 2 | . . . 2 . Kinetic 1314 | . 82 157 902 173 Thermal 1607 | . 56 120 543 888 Explosive 754 | . . . 754 . Electromagnetic . | . . . . . Impact 115 | . . . . 115 Slashing . | . . . . . Piercing . | . . . . . Highest Corruption 4 | . . . 4 . Average Corruption 3 | . . . 3 . Corruption Purged . | . . . . . Corruption Blocked . | . . . . . Effects 27 | . . . 27 . Message Errors 6 | . . . 6 . Matter Fused 3 | . . . 3 . Heat Flow Errors 1 | . . . 1 . Energy Discharges 3 | . . . 3 . Parts Rejected 1 | . . . 1 . Data Loss (minor) 8 | . . . 8 . Data Loss (major) 1 | . . . 1 . Misfires 4 | . . . 4 . Overload Shots . | . . . . . Overflow Damage 15 | . . . 15 . Projectiles . | . . . . . Explosions 15 | . . . 15 . Melee . | . . . . . Knockbacks 1 | . . . . 1 Impact 1 | . . . . 1 Kinetic . | . . . . . Secondary . | . . . . . Self-Inflicted Damage 95 | . . . 95 . Shots 4 | . . . 4 . Rammed 2 | . . . 2 . Targets Rammed 3 | . . . 3 . Kicked 1 | . . . 1 . Crushed . | . . . . . Highest Temperature 455 | . . 153 455 341 Average Temperature 102 | . . 48 118 106 Received Heat Transfer 1095 | . . 81 564 450 Effects 6 | . . . 4 2 Shutdowns 2 | . . . 2 . Energy Bleed 1 | . . . . 1 Short Circuit 2 | . . . 2 . Damage (minor) 1 | . . . . 1 Siege Activations . | . . . . . Robots Corrupted . | . . . . . Combat Hostiles . | . . . . . Parts Fried . | . . . . . Impact Corruptions . | . . . . . Robots Melted . | . . . . . Combat Hostiles . | . . . . . Parts Melted 6 | . . 1 . 5 Heat Transferred 3688 | . 125 275 971 2317 Parts Sabotaged . | . . . . . Parts Stolen . | . . . . . Parts Stripped . | . . . . . Power Chain Reactions . | . . . . . Alert | -11 -10 -10 -9 -8 ------- Run | Yrd Mat Min Mat Mat Peak Influence 414 | . 85 223 313 414 Initial 94 | . . 33 8 94 Average 155 | . 71 73 169 240 Maximum Alert Level 2 | . . 1 1 2 Low Security (%) 67 | 100 100 96 65 32 Level 1 31 | . . 3 34 64 Level 2 . | . . . . 2 Level 3 . | . . . . . Level 4 . | . . . . . Level 5 . | . . . . . High Security . | . . . . . Max Security . | . . . . . Squads Dispatched 9 | . . . 2 7 Investigation . | . . . . . Extermination . | . . . . . Reinforcement 6 | . . . 2 4 Assault . | . . . . . Garrison 3 | . . . . 3 Intercept . | . . . . . Searches Triggered . | . . . . . Construction Impeded 2 | . . . 1 1 Haulers Reinforced . | . . . . . Active Scanning Responses . | . . . . . Cargo Convoy Interrupts . | . . . . . Stealth | -11 -10 -10 -9 -8 --------- Run | Yrd Mat Min Mat Mat Distress Signals 7 | . . . 6 1 Communications Jammed . | . . . . . Distress Signals . | . . . . . Times Spotted 70 | . 5 8 33 24 Peak Tracking Total 7 | . 2 3 7 6 Tactical Retreats 3 | . . . . 3 Traps | -11 -10 -10 -9 -8 ------- Run | Yrd Mat Min Mat Mat Traps Triggered . | . . . . . Indirectly . | . . . . . Trap Hack Attempts . | . . . . . Triggered . | . . . . . Disarmed . | . . . . . Reprogrammed . | . . . . . Reused . | . . . . . Traps Extracted . | . . . . . Installed . | . . . . . Triggered . | . . . . . Machines | -11 -10 -10 -9 -8 ---------- Run | Yrd Mat Min Mat Mat Machines Disabled 2 | . 1 . 1 . Max in Single Turn 1 | . 1 . 1 . Machines Repaired . | . . . . . Machines Dismantled . | . . . . . Machines Sabotaged . | . . . . . Overloaded Fab Kills . | . . . . . Hacking | -11 -10 -10 -9 -8 --------- Run | Yrd Mat Min Mat Mat Machines Accessed 11 | . 2 . 7 2 Terminals 7 | . 1 . 4 2 Fabricators . | . . . . . Repair Stations 3 | . 1 . 2 . Recycling Units . | . . . . . Scanalyzers 1 | . . . 1 . Garrison Access . | . . . . . Total Hacks 29 | . 6 . 16 7 Successful 20 | . 5 . 11 4 Failed 9 | . 1 . 5 3 Catastrophic 2 | . . . . 2 Database Lockouts . | . . . . . Manual 1 | . . . . 1 Terminals 18 | . 3 . 8 7 Fabricators . | . . . . . Repair Stations 9 | . 3 . 6 . Recycling Units . | . . . . . Scanalyzers 2 | . . . 2 . Garrison Access . | . . . . . Terminal Hacks 12 | . 3 . 5 4 Record 1 | . . . . 1 Prototype ID Bank 2 | . . . 1 1 Branch Access Points 1 | . . . 1 . Alert Level 1 | . . . . 1 Maintenance Status 1 | . 1 . . . Investigation Status 1 | . . . 1 . Reinforcement Status 1 | . . . 1 . Hauler Manifests 1 | . . . 1 . Registered Prototypes 1 | . 1 . . . Zone Layout 2 | . 1 . . 1 Fabricator Hacks . | . . . . . Repair Station Hacks 6 | . 2 . 4 . Scan Component 3 | . 1 . 2 . Repair 3 | . 1 . 2 . Recycling Unit Hacks . | . . . . . Scanalyzer 2 | . . . 2 . Insert Component 1 | . . . 1 . Analyze 1 | . . . 1 . Garrison Access Hacks . | . . . . . Unauthorized Hacks . | . . . . . Terminals . | . . . . . Fabricators . | . . . . . Repair Stations . | . . . . . Recycling Units . | . . . . . Scanalyzers . | . . . . . Garrison Access . | . . . . . Data Cores Recovered . | . . . . . Used . | . . . . . Hacking Detections 8 | . . . 6 2 Full Trace Events 1 | . . . 1 . Feedback Events . | . . . . . Feedback Blocked . | . . . . . Robot Schematics Acquired . | . . . . . Robots Built . | . . . . . Authchips . | . . . . . Time . | . . . . . Total Robot Build Rating . | . . . . . Part Schematics Acquired 1 | . . . 1 . Parts Built . | . . . . . Authchips . | . . . . . Time . | . . . . . Total Part Build Rating . | . . . . . Parts Repaired 3 | . 1 . 2 . Time 84 | . 26 . 58 . Parts Recycled . | . . . . . Recycled Matter . | . . . . . Retrieved Matter . | . . . . . Retrieved Components . | . . . . . Parts Scanalyzed 1 | . . . 1 . Part Schematics Acquired 1 | . . . 1 . Parts Damaged . | . . . . . Bothacking | -11 -10 -10 -9 -8 ------------ Run | Yrd Mat Min Mat Mat Used RIF Installer . | . . . . . Robots Hacked . | . . . . . Non-combat . | . . . . . Combat . | . . . . . Robot Hacks Applied . | . . . . . Relay Couplers Released . | . . . . . Fabnet Peak Effective % . | . . . . . Robots Rewired . | . . . . . Allies Hacked . | . . . . . Hacks Repelled . | . . . . . Allies | -11 -10 -10 -9 -8 -------- Run | Yrd Mat Min Mat Mat Total Allies . | . . . . . Largest Group . | . . . . . Highest-Rated Group . | . . . . . Highest-Rated Ally . | . . . . . Total Orders . | . . . . . Ally Attacks . | . . . . . Total Damage . | . . . . . Kills . | . . . . . Allies Corrupted . | . . . . . Allies Melted . | . . . . . Intel | -11 -10 -10 -9 -8 ------- Run | Yrd Mat Min Mat Mat Robot Analysis Total . | . . . . . Derelict Logs Recovered 1 | . . 1 . . Drone Launches . | . . . . . Drone Recoveries . | . . . . . Exploration | -11 -10 -10 -9 -8 ------------- Run | Yrd Mat Min Mat Mat Turns Passed 2748 | 73 215 482 1392 586 Spaces Moved 1042 | 45 92 264 450 191 Core 44 | 10 . . 33 1 Treads 911 | 35 92 264 330 190 Legs 87 | . . . 87 . Wheels . | . . . . . Hover . | . . . . . Flight . | . . . . . Fastest Speed 50 | 50 160 160 160 165 Average Speed 184 | 135 160 160 211 177 Slowest Speed 350 | 160 160 160 350 240 Overloaded Moves . | . . . . . Propulsion Burnouts . | . . . . . Robots Hopped . | . . . . . Cave-ins Triggered . | . . . . . Exploration Rate (%) 28 | 4 20 51 48 20 Regions Visited 4 Branch Regions 1 Pre-discovered Areas 1 | . . 1 . . Known Exits Taken . | . . . . . Unknown Exits Taken 4 | 1 1 1 1 . Scrap Searched . | . . . . . Spaces Dug . | . . . . . Terrain Destroyed 36 | . . . 36 . Melee . | . . . . . Projectile . | . . . . . AOE 36 | . . . 36 . Terrain Rammed . | . . . . . Walls Destroyed . | . . . . . Machines Disabled . | . . . . . Actions | -11 -10 -10 -9 -8 --------- Run | Yrd Mat Min Mat Mat Total 1519 | 57 137 286 740 299 Wait 167 | . 26 3 131 7 Move 1038 | 44 91 263 449 191 Hop . | . . . . . Pick Up 48 | 7 6 1 25 9 Fast Attach 5 | . . . 5 . Attach 33 | 6 2 . 16 9 Detach . | . . . . . Swap 12 | . . . 10 2 Drop 13 | . . . 12 1 Fire 192 | . 12 19 89 72 Melee 8 | . . . . 8 Ram . | . . . . . Kick 1 | . . . 1 . Crush 2 | . . . 2 . Escape Stasis . | . . . . . Rewire . | . . . . . Trap . | . . . . . Miscellaneous . | . . . . . Route ------- -11/Scrapyard -10/Materials -10/Mines -9/Materials (discovered 3 exits: *Mat / Min x2) -8/Materials (discovered 2 exits: *Sto x2) History --------- Turn | Location | Event 6 | -11/Scrapyard | Discovered new exit (range 14) 74 | -11/Scrapyard | Entered Materials 207 | -10/Materials | Repaired Lgt. Treads 230 | -10/Materials | Discovered new exit (range 12) 289 | -10/Materials | Entered Mines 305 | -10/Mines | Build established: Mutant 431 | -10/Mines | Discovered new exit (range 7) 533 | -10/Mines | Learned location of Mines (-9) 771 | -10/Mines | Entered Materials 771 | -9/Materials | Evolved 2 slots: Propulsion x2 1051 | -9/Materials | Lost 3 parts (1p1n1u) 1215 | -9/Materials | Repaired Lgt. Armor Plating 1559 | -9/Materials | Repaired Imp. Ion Engine 1679 | -9/Materials | Identified exit to Mines 1764 | -9/Materials | Lost 4 parts (2n1u1w) 2095 | -9/Materials | Core integrity fell below 50% 2122 | -9/Materials | Lost 5 parts (1p3n1w) 2148 | -9/Materials | Build established: Scavenger-Mutant 2148 | -9/Materials | Discovered new exit (range 7) 2163 | -9/Materials | Entered another Materials area 2163 | -8/Materials | Evolved 2 slots: Power x1, Utility x1 2164 | -8/Materials | Discovered new exit (range 7) 2176 | -8/Materials | Discovered new exit (range 13) 2179 | -8/Materials | Identified exit to Storage 2206 | -8/Materials | Garrison activated, responded to threat 2730 | -8/Materials | Core integrity fell below 50% 2740 | -8/Materials | Core integrity fell below 20% 2749 | -8/Materials | Destroyed by G-47 Trooper with Particle Gun Last Messages --------------- S-10 Pest destroyed. H-61 Shepherd calls for reinforcements. ALERT: Hostile activity reported, dispatching reinforcements to area. Imp. Ion Engine destroyed. Penetrated by Slug. Acquired 10 matter. Heat Sink destroyed. Lgt. Treads destroyed. Arm. Treads destroyed. Hvy. Assault Rifle destroyed. Knocked back. Acquired 9 matter. C-17 Slicer knocked back. Knocked back. Cld. Ion Engine severed. Critical hit (Burn: +37). Hammer severed. C-17 Slicer destroyed. Lgt. Treads severed. Map ----- +----------------------------------------------------+ | ?????# #????# ######+#####????# ?? | | ?????# #???## ##???# ##T"#????# ?? | | ?????# #???# ##### ## "#########+##?? | | ?????# #???# #?? | | ?????# #???# > ??????????????????????? | | ###### #???# ??????????????????????? | | # # #???# #??????????????????????? | | # # #???###+###??????????????????????? | | # # #????????????????????????????????? | | # # #????????????????????????????????? | | #!! + #????????????????????????????????? | | #!! # #????????????????????????????????? | | # # #????????????????????????????????? | | # # #????????????????????????????????? | | # #### ####????????????????????????????????? | | ######??# #???????????????????????????????????? | | ????????# #???????????????????????????????????? | | ????????# #???????????????????????????????????? | | ????????# #???????????????????????????????????? | | ????????# #???????????????????????????????????? | | ????????#+#########???????????????????????????? | | ????????# #???????????????????????????? | | ????????# #???????????????????????????? | | ????????# """ """ #????????? ##???????????????? | | ????????# """ """ ######## #???????????????? | | ????????# """ """%#%/c@[H #???????????????? | | ????????# #g%c==g #???????????????? | | ????????# ;% ]=%## #???????????????? | | ????????# # ; ##??####???????????????? | | ????????##"####+### ###??????????????????????? | | ????????????????? #????????????????????????? | | ???????????????? #????????????????????????? | | ??????????????? ##+###????????????????????????? | | ?????????????# ???????????????????????????????? | | ?????????????#????????????????????????????????? | | ??????????????????????????????????????????????? | | ??????????????????????????????????????????????? | | ??????????????????????????????????????????????? | | ??????????????????????????????????????????????? | | ??????????????????????????????????????????????? | | ??????????????????????????????????????????????? | | ??????????????????????????????????????????????? | | ??????????????????????????????????????????????? | | ??????????????????????????????????????????????? | | | | | | | | | | | | | +----------------------------------------------------+ Best States ------------- Heat Dissipation 41 Energy Generation 21 Energy Capacity 445 Matter Stores 300 Matter Capacity 300 Sight Range 16 Terrain Scan Density 10 Armor Coverage 225 Evasion (%) 50 Recoil Reduction 4 Item Schematics ----------------- Hcp. Matter Pod | -9/Materials | Scanalyzed Robot Schematics ------------------ None Fabricated ------------ Nothing Alien Tech Used ----------------- None Achievements -------------- None Challenges ------------ None Game ------ Seed MediumFortressArmor Manual? 0 Play Time 00:23:05 Cumulative 30.8 hours Start 2024.07.23 @ 09:14:30 End 2024.07.23 @ 09:35:48 Sessions 1 Manual Loads 0 Difficulty Rogue Special Mode None Game No. 52 Rogue 52 Adventurer 0 Explorer 0 Win Type - Total 0 Types 0/0/0/0/0/0/0/0/0 Lore% 21 Gallery% 26 Achievement% 21 Wizard Run 0 Options --------- Layout 1 ASCII 0 Keyboard 0 Movement Mouse Keybinds 0 Fullscreen 1 Font 24/Smallcaps Map View 50x35 Zoom Use 0% Tactical HUD 0 Map Filters NONE Filters NONE Steam 1 RUN: e84e6f19-c01d-48e9-be83-0b2f0e9c72df